 Dungeon Crawl Stone Soup version 0.22.1-1-ga44c0e56f4 (webtiles) character file.

99879 Peloso the Peltast (level 15, -13/136 HPs)
             Began as a Minotaur Fighter on Nov 1, 2018.
             Was the Champion of Okawaru.
             Killed from afar by a frost giant (51 damage)
             ... with a bolt of cold
             ... on level 15 of the Dungeon.
             The game lasted 01:28:51 (27056 turns).

Peloso the Peltast (Minotaur Fighter)              Turns: 27056, Time: 01:28:52

Health: -13/136    AC: 26    Str: 24    XL:     15   Next: 79%
Magic:  15/15      EV:  9    Int:  5    God:    Okawaru [******]
Gold:   2770       SH: 17    Dex: 19    Spells: 14/14 levels left

rFire    + . .     SeeInvis +   a - +0 double sword
rCold    x . .     Gourm    .   c - +1 shield
rNeg     . . .     Faith    .   K - +1 crystal plate armour
rPois    .         Spirit   .   z - +0 hat {SInv}
rElec    .         Reflect  .   (no cloak)
rCorr    .         Harm     .   (no gloves)
MR       ++++.                  O - +1 pair of boots of Valour {rC- MR+++ Dex+4 Stlth-}
Stlth    ..........             R - amulet "Ygatobav" {*Drain rC+ Regen+ Dex+2 SInv}
HPRegen  0.72/turn              P - ring of fire
MPRegen  0.14/turn              (no ring)

@: no status effects
A: retaliatory headbutt, horns 2
a: Heroism, Finesse, Renounce Religion


You were on level 15 of the Dungeon.
You worshipped Okawaru.
Okawaru was exalted by your worship.
You were not hungry.

You visited 3 branches of the dungeon, and saw 23 of its levels.
You also visited: Ice Cave.

You collected 3159 gold pieces.
You spent 389 gold pieces at shops.

Inventory:

Hand Weapons
 a - a +0 double sword (weapon)
 b - the +6 short sword "Gitrefac" {pierce, MR++ Stlth+}
   (You found it on level 5 of the Dungeon)

   It inflicts extra damage upon your enemies.
   It affects your resistance to hostile enchantments.
   It makes you more stealthy.
 v - a +1 scimitar of flaming
Armour
 c - a +1 shield (worn)
 z - a +0 hat of see invisible (worn)
 J - a +2 pair of boots of running
 K - a +1 crystal plate armour (worn)
 O - the +1 pair of boots of Valour (worn) {rC- MR+++ Dex+4 Stlth-}
   (You found it on level 8 of the Dungeon)

   It affects your dexterity (+4).
   It makes you vulnerable to cold.
   It affects your resistance to hostile enchantments.
   It makes you less stealthy.
Jewellery
 F - an uncursed ring of protection from magic
 H - a +3 amulet of reflection
 N - a +5 ring of dexterity
 P - a ring of fire (left hand)
 R - the amulet "Ygatobav" (around neck) {*Drain rC+ Regen+ Dex+2 SInv}
   (You found it in an ice cave)

   [amulet of regeneration]

   It affects your dexterity (+2).
   It protects you from cold.
   It lets you see invisible.
   It increases your rate of regeneration.
   It causes draining when unequipped.
 S - a +3 ring of protection
 V - an uncursed ring of protection from cold
Wands
 D - a wand of digging (7)
Scrolls
 i - a scroll of enchant armour
 j - a scroll of silence
 m - 11 scrolls of remove curse
 n - 2 scrolls of brand weapon {unknown}
 q - 3 scrolls of vulnerability {unknown}
 r - a scroll of noise
 s - 2 scrolls of blinking
 t - a scroll of acquirement {unknown}
 u - 3 scrolls of torment {unknown}
 x - 7 scrolls of teleportation
 A - 3 scrolls of fear {unknown}
Potions
 d - 7 potions of might
 e - 5 potions of agility
 g - a potion of ambrosia
 h - 6 potions of resistance
 k - 14 potions of curing
 l - a potion of flight
 o - a potion of haste
 E - 2 potions of heal wounds
 M - a potion of berserk rage
Comestibles
 f - 44 rations
 p - 4 chunks of flesh


   Skills:
 + Level 13.5 Fighting
 + Level 12.0(14.5) Short Blades
 + Level 14.8(16.5) Long Blades
 + Level 13.7 Armour
 + Level 7.5 Dodging
 + Level 2.4 Stealth
 + Level 17.4 Shields
 + Level 2.4 Invocations
 + Level 0.8 Evocations


You had 14 spell levels left.
You didn't know any spells.
Your spell library contained the following spells:

 Spells                   Type           Power        Failure   Level  Hunger
 Animate Skeleton         Necr           N/A          100%        1    ##.....
 Apportation              Tloc           #.....       100%        1    ##.....
 Confusing Touch          Hex            #.....       100%        1    ##.....
 Corona                   Hex            #......      100%        1    ##.....
 Sandblast                Erth           #.....       100%        1    ##.....
 Shock                    Conj/Air       #...         100%        1    ##.....
 Sting                    Conj/Pois      #...         100%        1    ##.....
 Summon Butterflies       Summ           #.......     100%        1    ##.....
 Summon Small Mammal      Summ           #...         100%        1    ##.....
 Call Imp                 Summ           #.......     100%        2    ###....
 Passwall                 Tmut/Erth      #.......     100%        2    ###....
 Call Canine Familiar     Summ           #.......     100%        3    ####...
 Lesser Beckoning         Tloc           #.........   100%        3    ####...
 Ozocubu's Armour         Chrm/Ice       #.......     100%        3    ####...
 Stone Arrow              Conj/Erth      #.....       100%        3    ####...
 Summon Guardian Golem    Hex/Summ       #.......     100%        3    ####...
 Tukima's Dance           Hex            #.......     100%        3    ####...
 Ice Form                 Ice/Tmut       #.......     100%        4    #####..
 Summon Ice Beast         Ice/Summ       #.......     100%        4    #####..
 Summon Lightning Spire   Summ/Air       #.......     100%        4    #####..
 Alistair's Intoxication  Tmut/Pois      #.......     100%        5    ######.
 Borgnjor's Vile Clutch   Necr/Erth      #.........   100%        5    ######.
 Irradiate                Conj/Tmut      #.........   100%        5    ######.
 Metabolic Englaciation   Hex/Ice        #.........   100%        5    ######.
 Summon Mana Viper        Hex/Summ       #.......     100%        5    ######.
 Bolt of Cold             Conj/Ice       #.........   100%        6    #######
 Freezing Cloud           Conj/Ice/Air   #.........   100%        6    #######
 Invisibility             Hex            #.......     100%        6    #######
 Iron Shot                Conj/Erth      #.........   100%        6    #######
 Ozocubu's Refrigeration  Ice            #.........   100%        6    #######
 Simulacrum               Ice/Necr       #.........   100%        6    #######
 Statue Form              Tmut/Erth      #........    100%        6    #######
 Summon Hydra             Summ           #.........   100%        7    #######
 Controlled Blink         Tloc           N/A          100%        8    #######


Dungeon Overview and Level Annotations

Branches:
Dungeon (15/15)            Temple (0/1) D:6            Lair (6/6) D:9
 Shoals (0/4) Lair:4        Snake (0/4) Lair:4        Slime (0/5) Lair:5
    Orc (2/2) D:12            Elf (0/3) Orc:2        Vaults (0/5) D:14
 Depths (0/5) D:15

Altars:
Ashenzari
Elyvilon
Gozag
Kikubaaqudgha
Okawaru
Qazlal
Ru
Sif Muna
Trog
Vehumet
Xom
Yredelemnul
Zin
Jiyva

Shops:
D:13 =   Orc:2 !*%*

Annotations:
Lair:4 3 runed doors, Ypoint's ghost, adept DsAK


Innate Abilities, Weirdness & Mutations

You reflexively headbutt those who attack you in melee.
You have a pair of horns on your head.


Message History

The centaur warrior shoots an arrow.
You block the arrow.
The frost giant hits you but does no damage.
Unknown command.
Your crystal plate armour prevents you from hitting the frost giant.
The frost giant is moderately wounded.
The centaur warrior shoots an arrow.
The arrow closely misses you.
The frost giant gestures at you while chanting.
The bolt of cold misses you.
You slash the frost giant!
The frost giant is heavily wounded.
The centaur warrior shoots an arrow.
The arrow hits you.
* * * LOW HITPOINT WARNING * * *
You feel much better. You block the frost giant's attack.
Something unseen opens the door.
You slice the frost giant!!
You headbutt the frost giant, but do no damage.
The frost giant is severely wounded.
The frost giant casts a spell at you. The bolt of cold hits you!
You feel a terrible chill!
You die...

#.####.##
...##.#.##
÷......#.#
...##...##
..####.## ###
#..##########
##.#≈≈...c.. #
#.#≈.#≈≈≈###c#
#.#......#@..#
#.'(##≈..(C>.#
###.((.((#...#
#≈.#≈≈≈###+#
#≈≈.....[..
###
###########
... #.# #.# ##
##.# . .. #.##
#..#


You could see a frost giant and a yaktaur.

Vanquished Creatures
  Roxanne (D:15)
  A fire dragon (Lair:6)
  3 catoblepae
  8 vault guards (D:14)
  3 ice dragons
  6 hydras
  5 two-headed ogres
  A centaur warrior (D:14)
  4 death yaks (Lair:3)
  3 orc high priests (Orc:2)
  3 unseen horrors
  A lindwurm (Lair:6)
  4 wizards
  A swamp dragon (Lair:6)
  5 orc knights
  8 ugly things
  3 oklob plants (Lair:1)
  4 orc sorcerers
  6 deep elf magi
  A cyclops (D:15)
  A manticore (D:11)
  Joseph (D:9)
  4 black mambas
  8 elephants (Lair:6)
  6 torpor snails
  Psyche (D:8)
  2 ice statues (IceCv)
  A gargoyle (D:13)
  8 spiny frogs
  13 komodo dragons
  An efreet (D:13)
  8 rime drakes
  11 trolls
  A tengu conjurer (D:11)
  A polar bear (Lair:3)
  A queen bee (D:8)
  8 tyrant leeches
  9 dream sheep
  8 hornets
  9 hippogriffs
  13 blink frogs
  3 wraiths
  A water elemental (D:12)
  A shadow (D:15)
  5 basilisks
  4 wyverns
  70 yaks
  2 vampire mosquitoes (D:15)
  Grum (D:8)
  4 hungry ghosts
  4 steam dragons
  7 swamp worms (Lair:3)
  2 nagas (Lair:4)
  A warg (D:12)
  An acid dragon (Lair:6)
  10 water moccasins
  2 swamp drakes (Lair:6)
  11 porcupines
  A sky beast (D:12)
  23 orc warriors
  18 ice beasts
  4 black bears
  11 ogres
  17 wolves
  A necrophage (D:9)
  4 phantoms
  14 centaurs
  17 crocodiles
  4 big kobolds
  21 bullfrogs
  A gnoll sergeant (D:9)
  A wyvern zombie (D:10)
  6 scorpions
  33 killer bees
  11 howler monkeys
  3 electric eels
  8 crimson imps
  2 bullfrog zombies
  A centaur zombie (D:8)
  4 hounds
  3 jellies
  2 quasits
  3 bullfrog skeletons
  3 centaur skeletons
  20 orc wizards
  26 orc priests
  A gnoll shaman (D:7)
  6 iguanas
  Terence (D:3)
  9 worker ants
  A statue (D:8)
  3 hound skeletons
  2 worker ant zombies
  17 gnolls
  15 adders
  6 shadow imps
  12 white imps (Lair:1)
  An adder zombie (D:6)
  An adder skeleton (D:7)
  6 worms
  5 dart slugs
  6 leopard geckos
  73 orcs
  A ball python (D:2)
  5 giant cockroaches
  6 goblins
  7 hobgoblins
  7 jackals
  32 kobolds
  3 quokkas
  6 bats
  6 frilled lizards
  2 jackal skeletons (D:4)
  A leopard gecko skeleton (D:9)
  A leopard gecko zombie (D:8)
  8 rats
  3 fungi
  5 plants
835 creatures vanquished.

Vanquished Creatures (others)
  A crimson imp (D:15)
  2 orc wizards (Orc:2)
  14 fungi
  23 plants
40 creatures vanquished.

Grand Total: 875 creatures vanquished

Notes
Turn   | Place    | Note
-------+----------+-------------------------------------------
     0 | D:1      | Peloso the Minotaur Fighter began the quest for the Orb.
     0 | D:1      | Reached XP level 1. HP: 19/19 MP: 0/0
   178 | D:1      | Reached XP level 2. HP: 27/27 MP: 1/1
   274 | D:1      | Reached skill level 4 in Shields
   737 | D:2      | Reached XP level 3. HP: 30/33 MP: 2/2
  1069 | D:2      | Noticed a phantom
  1103 | D:2      | Killed a phantom
  1103 | D:2      | Reached XP level 4. HP: 31/41 MP: 3/3
  1103 | D:2      | Reached XP level 5. HP: 36/47 MP: 4/4
  1161 | D:2      | Found an opulent altar of Gozag.
  1583 | D:3      | Found a deep blue altar of Sif Muna.
  1755 | D:3      | Reached skill level 1 in Dodging
  1755 | D:3      | Reached skill level 5 in Shields
  2005 | D:3      | Reached skill level 5 in Long Blades
  2005 | D:3      | Reached XP level 6. HP: 50/53 MP: 5/5
  2025 | D:3      | Found a shattered altar of Ashenzari.
  2166 | D:3      | Noticed Terence
  2171 | D:3      | Killed Terence
  2362 | D:4      | Reached skill level 5 in Armour
  2548 | D:4      | Reached XP level 7. HP: 31/60 MP: 6/6
  2919 | D:4      | Reached skill level 5 in Fighting
  3049 | D:4      | Found an iron altar of Okawaru.
  3118 | D:4      | Became a worshipper of Warmaster Okawaru
  3216 | D:4      | Noticed a moth of wrath
  3219 | D:4      | Found a bloodstained altar of Trog.
  3586 | D:5      | Entered Level 5 of the Dungeon
  3707 | D:5      | Got a scorched short sword
  3708 | D:5      | Identified the +6 short sword "Gitrefac" {pierce, MR++
                  | Stlth+} (You found it on level 5 of the Dungeon)
  4138 | D:5      | Got a pitted bardiche
  4144 | D:5      | Identified the +3 bardiche of Kydofoadio {pain, rN+ Str+7}
                  | (You found it on level 5 of the Dungeon)
  4204 | D:5      | Found an ancient bone altar of Kikubaaqudgha.
  4337 | D:5      | Found a shimmering altar of Xom.
  4369 | D:5      | Found a white marble altar of Elyvilon.
  4373 | D:5      | Found a basalt altar of Yredelemnul.
  4378 | D:5      | Found a stormy altar of Qazlal.
  4436 | D:6      | Got a smoking mace
  4437 | D:6      | Identified the +6 mace of the Hall of Blades {crush, MR+}
                  | (You found it on level 6 of the Dungeon)
  4461 | D:6      | Reached skill level 1 in Short Blades
  4500 | D:5      | Reached XP level 8. HP: 16/68 MP: 7/7
  4769 | D:6      | Reached skill level 6 in Shields
  4786 | D:6      | Reached * piety under Okawaru
  5420 | D:6      | You fall through a shaft for 3 floors!
  5423 | D:9      | Noticed Joseph
  5424 | D:9      | Noticed a two-headed ogre
  5431 | D:9      | Reached skill level 7 in Shields
  5438 | D:9      | Killed a two-headed ogre
  5438 | D:9      | Reached ** piety under Okawaru
  5438 | D:9      | Reached skill level 5 in Short Blades
  5438 | D:9      | Reached skill level 8 in Shields
  5438 | D:9      | Reached XP level 9. HP: 75/75 MP: 5/8
  5443 | D:9      | Killed Joseph
  5450 | D:9      | Reached skill level 1 in Invocations
  5469 | D:9      | Noticed a troll
  5489 | D:9      | Killed a troll
  5489 | D:9      | Reached *** piety under Okawaru
  5489 | D:9      | Reached skill level 9 in Shields
  6148 | D:9      | Noticed a troll
  6163 | D:9      | Killed a troll
  6163 | D:9      | Reached XP level 10. HP: 48/86 MP: 10/10
  6327 | D:8      | Noticed Psyche
  6481 | D:8      | Killed Psyche
  6481 | D:8      | Reached **** piety under Okawaru
  6675 | D:8      | Noticed Grum
  6695 | D:8      | Killed Grum
  6706 | D:8      | Reached skill level 10 in Shields
  7060 | D:8      | HP: 4/86 [poisoned by a killer bee]
  7067 | D:8      | HP: 4/86 [poisoned by a killer bee]
  7075 | D:8      | HP: 4/86 [poisoned by a killer bee]
  7098 | D:8      | HP: 1/86 [centaur/arrow (7)]
  7111 | D:8      | Reached ***** piety under Okawaru
  7601 | D:7      | Received a gift from Okawaru
  7991 | D:7      | Found a sacrificial altar of Ru.
  8000 | D:7      | Reached skill level 11 in Shields
  8223 | D:6      | Found a glowing silver altar of Zin.
  8369 | D:6      | Found a staircase to the Ecumenical Temple.
  8427 | D:6      | Reached skill level 10 in Armour
  9410 | D:7      | Reached skill level 1 in Stealth
  9559 | D:7      | Reached XP level 11. HP: 94/94 MP: 11/11
  9995 | D:8      | Found a radiant altar of Vehumet.
 10223 | D:8      | Got a pair of slimy boots
 10229 | D:8      | Identified the +1 pair of boots of Valour {rC- MR+++ Dex+4
                  | Stlth-} (You found it on level 8 of the Dungeon)
 10275 | D:9      | Noticed a four-headed hydra
 10292 | D:9      | Killed a four-headed hydra
 10316 | D:9      | Got a shimmering scale mail
 10371 | D:10     | Entered Level 10 of the Dungeon
 10397 | D:9      | Identified the cursed +0 scale mail of Jagelle {MR+ rCorr
                  | Str-3 Int+4} (You found it on level 9 of the Dungeon)
 10621 | D:9      | Found a staircase to the Lair.
 10630 | Lair:1   | Entered Level 1 of the Lair of Beasts
 10690 | Lair:1   | Noticed a five-headed hydra
 10699 | Lair:1   | Killed a five-headed hydra
 10699 | Lair:1   | Received a gift from Okawaru
 10778 | Lair:1   | Noticed an oklob plant
 10845 | Lair:1   | Noticed a six-headed hydra
 10854 | Lair:1   | Killed a six-headed hydra
 11123 | Lair:1   | Found a frozen archway.
 11146 | IceCv    | Entered an ice cave
 11448 | IceCv    | Received a gift from Okawaru
 11454 | IceCv    | Reached skill level 12 in Shields
 12114 | IceCv    | Noticed an ice dragon
 12114 | IceCv    | Noticed an ice dragon
 12125 | IceCv    | Killed an ice dragon
 12134 | IceCv    | Killed an ice dragon
 12188 | IceCv    | Got a crude pewter amulet
 12190 | IceCv    | Identified the amulet "Ygatobav" {*Drain rC+ Regen+ Dex+2
                  | SInv} (You found it in an ice cave)
 12738 | Lair:2   | Reached XP level 12. HP: 92/104 MP: 12/12
 13492 | D:10     | Reached skill level 13 in Shields
 13550 | D:10     | Noticed a two-headed ogre
 13585 | D:10     | Killed a two-headed ogre
 13585 | D:10     | Reached skill level 10 in Short Blades
 13971 | D:10     | Reached skill level 5 in Dodging
 14002 | D:11     | Reached ****** piety under Okawaru
 14165 | D:11     | Identified the Grimoire of Plaster Cramp
 14179 | D:11     | Identified the Volume of Dhcmrlchtdj
 14187 | D:11     | Reached skill level 10 in Fighting
 14216 | D:11     | Identified Ts'ui Pên's Volume of Forking Paths
 14928 | D:12     | Received a gift from Okawaru
 15169 | D:12     | Noticed a two-headed ogre
 15180 | D:12     | Killed a two-headed ogre
 15180 | D:12     | Reached XP level 13. HP: 113/113 MP: 13/13
 15654 | D:12     | Reached skill level 14 in Shields
 15749 | D:12     | Found a staircase to the Orcish Mines.
 16412 | D:13     | Reached skill level 10 in Long Blades
 16708 | D:13     | Found Yskahoz's Jewellery Shoppe.
 16721 | D:13     | Received a gift from Okawaru
 16747 | D:13     | You fall through a shaft for 2 floors!
 16747 | D:15     | Entered Level 15 of the Dungeon
 16998 | D:14     | Received a gift from Okawaru
 17086 | D:14     | Reached skill level 15 in Shields
 17187 | D:14     | Reached XP level 14. HP: 91/124 MP: 14/14
 17266 | D:14     | Identified a +2 pair of boots of running (Okawaru gifted it
                  | to you on level 14 of the Dungeon)
 17387 | D:14     | Found a gate to the Vaults.
 17405 | D:14     | Identified First Steps in Rites and Rhymes
 19539 | Lair:3   | Received a gift from Okawaru
 19776 | Lair:4   | Found a staircase to the Snake Pit.
 19797 | Lair:4   | Found a runed gate.
 19797 | Lair:4   | Noticed Ypoint's ghost (adept DsAK)
 19798 | Lair:4   | Found a runed gate.
 19798 | Lair:4   | Found a runed gate.
 20024 | Lair:4   | Found a staircase to the Shoals.
 20934 | Lair:5   | Found a viscous altar of Jiyva.
 20935 | Lair:5   | Found a staircase to the Slime Pits.
 21564 | Lair:5   | Reached skill level 16 in Shields
 21748 | Lair:6   | Entered Level 6 of the Lair of Beasts
 22002 | Lair:6   | Received a gift from Okawaru
 22044 | Lair:6   | Got an ancient quick blade {god gift}
 22045 | Lair:6   | Identified the +9 quick blade of the Whale {protect, Int+4}
                  | (Okawaru gifted it to you on level 6 of the Lair of Beasts)
 22101 | Lair:6   | Reached XP level 15. HP: 105/134 MP: 15/15
 22387 | Lair:6   | Found a runed door.
 23162 | Lair:6   | Got a heavily runed iron amulet
 23195 | Lair:6   | Identified the amulet of Biuggium {+Rage rC+ Dex+2} (You
                  | found it on level 6 of the Lair of Beasts)
 23374 | Lair:6   | Received a gift from Okawaru
 24221 | Lair:1   | Got a steaming glaive
 24228 | Lair:1   | Identified the +7 glaive of Ver Xug {pain, *Noise +Fly rF+
                  | Str+10} (You found it on level 1 of the Lair of Beasts)
 24449 | Orc:1    | Entered Level 1 of the Orcish Mines
 24457 | Orc:1    | Found an iron altar of Okawaru.
 25031 | Orc:2    | Entered Level 2 of the Orcish Mines
 25093 | Orc:2    | Found a staircase to the Elven Halls.
 25703 | Orc:2    | Reached skill level 17 in Shields
 26063 | Orc:2    | Found Wamias's Food Boutique.
 26063 | Orc:2    | Found Igast's General Store.
 26065 | Orc:2    | Found Otepsuj's General Store.
 26065 | Orc:2    | Found Muubbila's Distillery.
 26085 | Orc:2    | Bought a scroll of enchant armour for 97 gold pieces
 26085 | Orc:2    | Bought a scroll of silence for 97 gold pieces
 26085 | Orc:2    | Bought a scroll of remove curse for 39 gold pieces
 26088 | Orc:2    | Bought a potion of heal wounds for 65 gold pieces
 26088 | Orc:2    | Bought a potion of curing for 39 gold pieces
 26088 | Orc:2    | Bought a potion of might for 52 gold pieces
 26909 | D:15     | Noticed Roxanne
 26931 | D:15     | Killed Roxanne
 26932 | D:15     | Identified Roxanne's Volume of Clay (You took it off
                  | Roxanne on level 15 of the Dungeon)
 27045 | D:15     | Found a staircase to the Depths.
 27045 | D:15     | Noticed a frost giant
 27056 | D:15     | Killed from afar by a frost giant

Skill      XL: |  1  2  3  4  5  6  7  8  9 10 11 12 13 14 15 |
---------------+----------------------------------------------+-----
Fighting       | 4 5 6 7 8 9 10 11 12 13 | 13.5
Long Blades    | 3 4 5 6 7 8 9 11 13 14 | 14.8
Shields        | 4 5 8 9 11 12 13 15 16 17 | 17.4
Armour         | 4 5 6 7 8 10 11 12 13 | 13.7
Dodging        | 1 2 3 4 5 6 7 |  7.5
Short Blades   | 1 5 7 8 9 11 12 | 12.0
Invocations    | 1 2 |  2.4
Stealth        | 1 2 |  2.4
Evocations     | |  0.8

Action                   |  1- 3 |  4- 6 |  7- 9 | 10-12 | 13-15 || total
-------------------------+-------+-------+-------+-------+-------++-------
Melee: Long sword        |    89 |    95 |    50 |       |       ||   234
       Headbutt          |    14 |    11 |    54 |   310 |   586 ||   975
       Short sword       |       |       |   250 |   805 |   189 ||  1244
       Falchion          |       |       |       |   323 |       ||   323
       Scimitar          |       |       |       |       |  1332 ||  1332
       Double sword      |       |       |       |       |   108 ||   108
       Glaive            |       |       |       |       |     3 ||     3
Invok: Heroism           |       |       |     1 |     6 |     8 ||    15
Evoke: Wand              |       |       |       |       |    10 ||    10
  Use: Scroll            |       |     4 |     1 |    20 |    10 ||    35
       Potion            |       |       |     1 |    10 |     3 ||    14
 Stab: Distracted        |       |       |       |       |     1 ||     1
       Confused          |       |       |       |       |     2 ||     2
  Eat: Chunk             |       |     5 |     9 |    27 |    34 ||    75
       Ration            |       |       |     1 |     1 |     2 ||     4
Armor: Scale mail        |    49 |    22 |    14 |       |       ||    85
       Chain mail        |       |       |    46 |    98 |       ||   144
       Plate armour      |       |       |    88 |   101 |       ||   189
       Ice dragon scales |       |       |       |   112 |   145 ||   257
       Crystal plate arm |       |       |       |       |   333 ||   333
Dodge: Dodged            |    33 |    20 |    96 |   325 |   450 ||   924
Block: Shield            |    57 |    49 |   188 |   788 |  1088 ||  2170
       Reflection        |       |       |       |    12 |       ||    12
       Rpst.: Long sword |     9 |     5 |     1 |       |       ||    15
       Falchion          |       |       |       |    31 |       ||    31
       Scimitar          |       |       |       |       |    91 ||    91
       Double sword      |       |       |       |       |     4 ||     4
